Map: Last Fantasy LE

Players

IIIIIIIIIIII - Winner!

  • Race: Zerg Zerg
  • League: Master
  • Spawn Location: 3:00

Sindyr

  • Race: Protoss Protoss
  • League: Master
  • Spawn Location: 12:00

VOD

Have the link to the VOD?

Description

Time

  • Played on: Sept. 17, 2025, 5:08 a.m.
  • Length: 2:21
Show
View Real Time Build Order
Export as new Build Order

IIIIIIIIIIII Zerg - Winner!

Build Orders: Pool First 

Get SALT Encoding   

  12  0:00  Drone  
  13  0:10  Drone  
  14  0:27  Spawning Pool  
  13  0:30  Drone  
  14  0:39  Overlord  
  14  0:55  Extractor  
  13  0:59  Drone  
  14  1:15  Queen  
  14  1:16  Zergling x6  
  19  1:42  Hatchery  
  19  1:45  Zergling x2  
  19  1:46  Zergling x2  
  20  2:00  Zergling x4  
Show
View Real Time Build Order
Export as new Build Order

Sindyr Protoss 

Build Orders: 1 Gate Expand 

Get SALT Encoding   

  12  0:02  Probe  
  13  0:16  Probe  
  13  0:18  Pylon  
  14  0:24  Probe  
  14  0:33  Probe  
  15  0:42  Gateway  
  16  0:50  Probe  
  16  0:51  Assimilator  
  17  1:02  Probe  
  18  1:14  Probe  
  19  1:27  Probe  
  20  1:35  Nexus  
  20  1:50  Cybernetics Core  
  20  1:56  Assimilator  
  20  2:00  Probe  
  21  2:06  Pylon  
Tags
 
Add a new tag
Caveats
  • Supply blocks, unpowered buildings, or Contaminate may cause inaccurate times.
  • Supply counts are checked every 10 seconds.